 Dungeon Crawl Stone Soup version 0.27-a0-1188-g73eefd5def (webtiles) character file.

Game seed: 13352071387347228452

706 karrick the Grave Robber (level 7, -3/38 HPs)
             Began as a Deep Elf Necromancer on May 20, 2021.
             Slain by a centaur zombie (4 damage)
             ... in an ossuary.
             The game lasted 00:25:49 (7218 turns).

karrick the Grave Robber (Deep Elf Necromancer)     Turns: 7218, Time: 00:25:51

Health: -3/38      AC:  3    Str:  7    XL:     7   Next: 39%
Magic:  8/19       EV: 13    Int: 20    God:
Gold:   208        SH:  0    Dex: 15    Spells: 10/19 levels left

rFire    + . .     SeeInvis .   e - +5 dagger
rCold    + . .     Faith    .   (no shield)
rNeg     . . .     Spirit   .   a - +0 robe
rPois    .         Reflect  .   (no helmet)
rElec    .         Harm     .   i - scarf {rC+ rF+}
rCorr    .         Rampage  .   (no gloves)
Will     .....                  j - +0 pair of boots
Stlth    ++........             (no amulet)
HPRegen  0.12/turn              (no ring)
MPRegen  0.16/turn              (no ring)

@: marked
A: no striking features
a: no special abilities


You were in an ossuary.
You visited 2 branches of the dungeon, and saw 7 of its levels.
You also visited: Sewer and Ossuary.

You collected 208 gold pieces.

Inventory:

Hand Weapons
 e - a +5 dagger (weapon)
 f - a +2 whip of electrocution
 n - the +6 war axe "Voin" {freeze, rN+ Int-2 Stlth+}
   (You found it on level 4 of the Dungeon)

   It has been specially enchanted to freeze those struck by it, causing extra
   injury to most foes and up to half again as much damage against particularly
   susceptible opponents.
   It can also slow down cold-blooded creatures.
   It affects your intelligence (-2).
   It protects you from negative energy.
   It makes you more stealthy.
Missiles
 z - 5 atropa-tipped darts
Armour
 a - a +0 robe (worn)
 i - a scarf of resistance (worn)
 j - a +0 pair of boots (worn)
Jewellery
 d - a +4 ring of protection
 h - a +4 ring of protection
 k - a ring of positive energy
 s - a +6 ring of strength
Wands
 r - a wand of polymorph (8)
Scrolls
 g - a scroll of enchant weapon
 u - a scroll of amnesia
 v - a scroll of noise {unknown}
 x - a scroll of immolation
 y - 2 scrolls of fear {unknown}
Potions
 b - 2 potions of flight {unknown}
 c - a potion of mutation {unknown}
 l - a potion of cancellation {unknown}
 m - 3 potions of might {unknown}
 o - 3 potions of curing
 p - a potion of resistance {unknown}


   Skills:
 + Level 1.2 Fighting
 + Level 2.5 Short Blades
 - Level 0.5 Axes
 + Level 3.5 Dodging
 + Level 3.7 Stealth
 + Level 6.8 Spellcasting
 + Level 7.3 Necromancy


You had 10 spell levels left.
You knew the following spells:

 Your Spells              Type           Power      Damage    Failure   Level
a - Pain                  Necr           100%       1d9       1%          1
b - Animate Skeleton      Necr           72%        N/A       1%          1
c - Animate Dead          Necr           18%        N/A       4%          4
d - Swiftness             Air            6%         N/A       28%         3

Your spell library contained the following spells:

 Spells                   Type           Power      Damage    Failure   Level
 Vampiric Draining        Necr           18%        2d8       1%          3
 Shock                    Conj/Air       24%        1d4       10%         1
 Agony                    Necr           36%        N/A       13%         5
 Static Discharge         Conj/Air       6%         N/A       14%         2
 Airstrike                Air            3%         N/A       67%         4
 Lightning Bolt           Conj/Air       3%         1d14      95%         5


Dungeon Overview and Level Annotations

Branches:
Dungeon (6/15)             Temple (1/1) D:6           Sewer (visited)
Ossuary (1/1)

Altars:
Ashenzari
Cheibriados
Dithmenos
Elyvilon
Gozag
Makhleb
Okawaru
Qazlal
Trog
Uskayaw
Vehumet
Yredelemnul
Zin

Shops:
D:6 (

Annotations:
D:4 Menkaure


Message History

The centaur zombie barely misses you.
The centaur zombie hits you but does no damage.
The centaur zombie misses you. x2; The centaur zombie closely misses you.
The centaur zombie barely misses you. The centaur zombie closely misses you.
The hobgoblin zombie barely misses you. The centaur zombie hits you.
* * * LOW HITPOINT WARNING * * *
The centaur zombie misses you. The hobgoblin zombie barely misses you.
The hobgoblin zombie sets off the alarm!
The alarm trap emits a blaring wail!
The mark upon you grows brighter.
Unknown command.
It was a potion of curing.
You feel better. The centaur zombie hits you.
* * * LOW HITPOINT WARNING * * *
The centaur zombie kicks you.
* * * LOW HITPOINT WARNING * * *
The centaur zombie hits you but does no damage.
The centaur zombie kicks you but does no damage.
The hobgoblin zombie hits you.
* * * LOW HITPOINT WARNING * * *
The centaur zombie hits you.
* * * LOW HITPOINT WARNING * * *
The centaur zombie closely misses you.
You feel better. The centaur zombie barely misses you.
The centaur zombie completely misses you.
The centaur zombie hits you.
* * * LOW HITPOINT WARNING * * *
The centaur zombie closely misses you. The centaur zombie hits you.
* * * LOW HITPOINT WARNING * * *
The centaur zombie kicks you.
* * * LOW HITPOINT WARNING * * *
The hobgoblin zombie hits you.
* * * LOW HITPOINT WARNING * * *
As you read the scroll labelled IHEBRI ZUNOMU, it crumbles to dust.
The creatures around you are filled with an inner flame!
It was a scroll of immolation.
The centaur zombie closely misses you. The centaur zombie kicks you.
* * * LOW HITPOINT WARNING * * *
The centaur zombie hits you.
You die...

#..∩..#
#MM...#
#.M...#
##.....##
#...^...#
##.....##
#..^....#
##Z...^##
#@ZZ....#
##ZZ...##
.ZZ.^^.#
##.....##
.......#
#.....##
.......#
#^..^.##


You could see 3 mummies, 4 hobgoblin zombies and 3 centaur zombies.

Vanquished Creatures
  An ice beast (D:5)
  A phantom (D:5)
  A kobold brigand (Sewer)
  A centaur zombie (D:5)
  An orc priest (D:3)
  2 hounds
  A jelly (D:4)
  An orc wizard (D:6)
  2 hound skeletons
  A howler monkey zombie (D:5)
  A howler monkey skeleton (D:5)
  2 river rats (Sewer)
  6 adders
  2 gnolls (D:6)
  An ufetubus (D:4)
  An adder skeleton (D:4)
  2 worms
  A dart slug (D:1)
  6 orcs
  10 ball pythons
  5 endoplasms
  3 giant cockroaches
  10 goblins
  6 hobgoblins
  4 jackals (D:1)
  5 quokkas
  8 bats
  4 frilled lizards
  19 kobolds
  23 rats
131 creatures vanquished.

Vanquished Creatures (collateral kills)
  2 gnolls (D:6)
  An adder (Sewer)
  A dart slug (D:5)
  A frilled lizard (Sewer)
  2 rats (Sewer)
7 creatures vanquished.

Vanquished Creatures (others)
  A plant (D:3)
1 creature vanquished.

Grand Total: 139 creatures vanquished

Notes
Turn   | Place    | Note
-------+----------+-------------------------------------------
     0 | D:1      | karrick the Deep Elf Necromancer began the quest for the
                  | Orb.
     0 | D:1      | Reached XP level 1. HP: 10/10 MP: 6/6
    44 | D:1      | Reached skill level 5 in Necromancy
   406 | D:1      | Reached XP level 2. HP: 13/15 MP: 6/8
  1250 | D:1      | Reached XP level 3. HP: 19/19 MP: 10/10
  1949 | D:2      | Found a faded altar of an unknown god.
  2407 | D:4      | Identified the +6 war axe "Voin" {freeze, rN+ Int-2 Stlth+}
  2549 | D:4      | Reached XP level 4. HP: 12/24 MP: 7/12
  2593 | D:4      | Reached skill level 6 in Necromancy
  2621 | D:4      | Found a glowing drain.
  2636 | Sewer    | Entered a sewer
  2823 | Sewer    | Reached XP level 5. HP: 28/28 MP: 14/14
  2892 | Sewer    | HP: 1/28 [river rat (5)]
  3229 | Sewer    | Learned a level 1 spell: Animate Skeleton
  3234 | Sewer    | Learned a level 4 spell: Animate Dead
  3705 | Sewer    | Reached skill level 5 in Spellcasting
  3748 | Sewer    | Reached skill level 1 in Short Blades
  3748 | Sewer    | Reached XP level 6. HP: 19/33 MP: 4/16
  4103 | D:5      | Entered Level 5 of the Dungeon
  4118 | D:5      | Noticed a water moccasin
  4265 | D:4      | Noticed Menkaure
  4341 | D:5      | Learned a level 3 spell: Swiftness
  5616 | D:3      | Reached skill level 1 in Fighting
  6244 | D:5      | Reached XP level 7. HP: 38/38 MP: 18/18
  6277 | D:5      | Reached skill level 7 in Necromancy
  6757 | D:6      | Found a staircase to the Ecumenical Temple.
  6766 | Temple   | Entered the Ecumenical Temple
  7060 | D:6      | Found Juotym's Antique Weapon Emporium.
  7197 | D:6      | Found a sand-covered staircase.
  7203 | Ossuary  | Entered an ossuary
  7218 | Ossuary  | HP: 1/38 [centaur zombie (1)]
  7218 | Ossuary  | Slain by a centaur zombie

Illustrated notes

Levels and vault maps discovered:
D:1:      lightli_arrival_noodles, layout_basic
D:2:      layout_rooms, ebering_ecumenical_altar_mist
D:3:      minmay_spotlight, layout_basic, kennysheep_cross_bottleneck,
          minivault_14, corexii_shack
D:4:      gammafunk_steamed_eel, layout_basic, cheibrodos_sewer_entry_bend,
          gammafunk_ghost_grave, uniq_menkaure
D:5:      lemuel_castle_with_subvaults [lemuel_castle_interior_carwin_3],
          layout_loops_ring, minmay_between
D:6:      minmay_evil_eye, layout_loops_cross, minmay_temple_entry_butterflies,
          enter_ossuary_1, serial_shops, shop, uniq_crazy_yiuf_cottage
Temple:   nicolae_temple_figure_eight
Ossuary:  ossuary_the_hunt_dpeg

Skill      XL: |  1  2  3  4  5  6  7 |
---------------+----------------------+-----
Necromancy     | 5 6 7 |  7.3
Spellcasting   | 4 5 6 |  6.8
Stealth        | 3 |  3.7
Short Blades   | 1 2 |  2.5
Dodging        | 3 |  3.5
Fighting       | 1 |  1.2
Axes           | |  0.5

Action                   |  1- 3 |  4- 6 |  7- 9 || total
-------------------------+-------+-------+-------++-------
Melee: Dagger            |    50 |   135 |    22 ||   207
       War axe           |       |    33 |       ||    33
 Cast: Pain              |    50 |    63 |    19 ||   132
       Animate Skeleton  |       |    19 |       ||    19
       Animate Dead      |       |       |     2 ||     2
  Use: Scroll            |     1 |     5 |     4 ||    10
       Potion            |       |     4 |     7 ||    11
 Stab: Sleeping          |     3 |     8 |     1 ||    12
       Distracted        |       |     1 |       ||     1
Armor: Robe              |    12 |    40 |    15 ||    67
Dodge: Dodged            |    40 |   139 |    44 ||   223

Table legend: (Time is in decaauts)
 A = Elapsed time spent in this place.
 B = Non-inter-level travel time spent in this place.
 C = Inter-level travel time spent in this place.
 D = Time resting spent in this place.
 E = Time spent auto-exploring this place.
 F = Levels seen in this place.
 G = Mean time per level.
                   A        B        C        D        E       F      G
               +--------+--------+--------+--------+--------+-----+--------+
         Total |   7257 |   7111 |    146 |    323 |   5072 |   9 |  806.3 |
       Dungeon |   5539 |   5393 |    146 |    323 |   3812 |   6 |  923.2 |
        Temple |    253 |    253 |      0 |      0 |    124 |   1 |  253.0 |
         Sewer |   1450 |   1450 |      0 |      0 |   1135 |   1 | 1450.0 |
       Ossuary |     14 |     14 |      0 |      0 |      0 |   1 |   14.0 |
               +--------+--------+--------+--------+--------+-----+--------+

Top non-repeatable levels by time:
     D:1: 1735 daAuts
   Sewer: 1450 daAuts
     D:5: 1333 daAuts
     D:3: 1078 daAuts
     D:4: 692 daAuts
     D:2: 504 daAuts
  Temple: 253 daAuts
     D:6: 194 daAuts
 Ossuary: 14 daAuts
